 Dungeon Crawl Stone Soup version 0.27-a0-156-gbcd94eb011 (webtiles) character file.

Game seed: 13309419927991351906

106294 jasper the Severer (level 15, -6/117 (143) HPs)
             Began as a Palentonga Berserker on Jan 27, 2021.
             Was a High Priest of Trog.
             Killed from afar by a halazid warlock (69 damage)
             ... with a bolt of negative energy
             ... in the Desolation of Salt.
             The game lasted 01:03:14 (36737 turns).

jasper the Severer (Palentonga Berserker)          Turns: 36737, Time: 01:03:15

HP:   -6/117 (143)  AC: 28    Str: 22    XL:     15   Next: 97%
MP:   5/5           EV:  7    Int: 15    God:    Trog [*****.]
Gold: 1075          SH: 16    Dex: 12    Spells: 14/14 levels left

rFire    + . .     SeeInvis +   w - +2 broad axe (antimagic)
rCold    + + .     Faith    .   Q - +5 kite shield {reflect}
rNeg     . . .     Spirit   .   H - +1 chain mail {Will+}
rPois    .         Reflect  +   q - +0 hat "Quirurus" {rElec rC+}
rElec    +         Harm     .   T - +0 cloak {Will+}
rCorr    +         Rampage  .   c - +3 pair of gloves of Miupyas {rElec rCorr Str-2 Int+7}
Will     ++...     Clarity  +   (no barding)
Stlth    ..........             j - amulet of regeneration
HPRegen  0.69/turn              M - +4 ring of protection
MPRegen  0.09/turn              y - ring "Elastiad" {*Drain rF+ rC+ Will+}

@: weak-willed, heavily drained, curled up
A: large, rugged brown scales 3, see invisible, clarity, deformed body,
deterioration 1, roll 1, armoured tail, reflexive curl
a: Rolling Charge, Renounce Religion, Berserk, Trog's Hand, Brothers in Arms


You were in the Desolation of Salt.
You worshipped Trog.
Trog was extremely pleased with you.
You visited 5 branches of the dungeon, and saw 25 of its levels.
You also visited: Bailey, Gauntlet, Volcano and Desolation.

You collected 2928 gold pieces.
You spent 1853 gold pieces at shops.

Inventory:

Hand Weapons
 m - a +1 demon whip of electrocution
 s - a +5 broad axe of freezing
 w - a +2 antimagic broad axe (weapon)
Missiles
 h - 760 stones
 n - 17 silver javelins
 B - 73 boomerangs (quivered)
 Y - a throwing net
Armour
 c - the +3 pair of gloves of Miupyas (worn) {rElec rCorr Str-2 Int+7}
   (You bought it in a shop on level 10 of the Dungeon)

   It affects your strength (-2).
   It affects your intelligence (+7).
   It insulates you from electricity.
   It provides partial protection from all sources of acid and corrosion.
 q - the +0 hat "Quirurus" (worn) {rElec rC+}
   (You found it in a bailey)

   It protects you from cold.
   It insulates you from electricity.
 E - a +0 plate armour
 H - a +1 chain mail of willpower (worn)
 K - a +4 chain mail of positive energy
 P - a +2 scale mail of fire resistance
 Q - a +5 kite shield of reflection (worn)
 T - a +0 cloak of willpower (worn)
Jewellery
 j - an amulet of regeneration (around neck)
 y - the ring "Elastiad" (right hand) {*Drain rF+ rC+ Will+}
   (You found it on level 4 of the Dungeon)

   [ring of protection from cold]

   It protects you from fire.
   It protects you from cold.
   It affects your willpower, your defense against some magical effects.
   It causes draining when unequipped.
 z - an uncursed amulet of the acrobat
 M - a +4 ring of protection (left hand)
Wands
 g - a wand of enslavement (23)
 x - a wand of acid (32)
 O - a wand of flame (13)
 X - a wand of random effects (14)
 Z - a wand of polymorph (9)
Scrolls
 a - 2 scrolls of magic mapping
 e - 10 scrolls of remove curse
 f - 7 scrolls of teleportation
 i - 2 scrolls of identify
 t - 3 scrolls of fog
 A - 3 scrolls of enchant armour
 D - a scroll of silence
 F - 2 scrolls of amnesia
 J - 2 scrolls of immolation
 S - a scroll of fear
Potions
 b - 2 potions of magic
 d - 8 potions of curing
 k - 11 potions of attraction
 l - 3 potions of haste
 o - 6 potions of flight
 p - 3 potions of heal wounds
 r - 5 potions of mutation
 u - 3 potions of ambrosia
 v - a potion of berserk rage
 C - 2 potions of cancellation
 G - 5 potions of resistance
 L - 6 potions of lignification
Miscellaneous
 I - a condenser vane
 N - a phantom mirror
 R - a tin of tremorstones (2/2)
 U - a box of beasts
 V - a lightning rod (4/4)
 W - a phial of floods


   Skills:
 + Level 12.7 Fighting
 * Level 18.7 Axes
 + Level 10.7 Armour
 - Level 1.5 Dodging
 - Level 9.0 Shields
 - Level 6.0 Evocations


You had 14 spell levels left.
You didn't know any spells.
Your spell library was empty.

Dungeon Overview and Level Annotations

Branches:
Dungeon (15/15)            Temple (0/1) D:7            Lair (6/6) D:9
 Shoals (1/4) Lair:4        Snake (0/4) Lair:4        Slime (0/5) Lair:6
    Orc (2/2) D:12            Elf (1/3) Orc:2        Vaults (0/5) D:14
 Depths (0/5) D:15         Bailey (visited)         Volcano (visited)
Desolation (1/1)          Gauntlet (visited)

Altars:
Ashenzari
Cheibriados
Dithmenos
Elyvilon
Gozag
Hepliaklqana
Makhleb
Nemelex Xobeh
Qazlal
Ru
Sif Muna
Trog
Uskayaw
Xom
Zin
The Shining One
Beogh

Shops:
D:6 }   D:9 [   D:10 [   D:13 [   D:15 =   Orc:2 ([*!

Annotations:
D:13 2 runed translucent doors
Lair:1 exclusion: oklob plant
Lair:4 3 runed translucent doors, Nubia's ghost, journeyman GnEn; Sekkong's ghost, journeyman MiBe; Zaegoraum's ghost, journeyman DsAK; lunkers's ghost, journeyman HOHu
Lair:6 exclusion: oklob plant


Innate Abilities, Weirdness & Mutations

You are completely covered in rugged brown scales. (AC +3, +7% HP)
You have supernaturally acute eyesight. (SInv)
Armour fits poorly on your strangely shaped body.
You can roll at nearby foes to attack.
You have a long armoured tail.
You curl defensively after being hit.
You possess an exceptional clarity of mind.
Your body sometimes deteriorates upon taking damage.


Message History

The bolt of negative energy hits you!!!
You feel drained.
You take 57 damage, and have 62/131 hp.
MASSIVE DAMAGE!!
Your +5 broad axe of freezing stops glowing.
You feel magic leave you.
w - a +2 antimagic broad axe (weapon)
You block the saltling's attack.
You now have 5/5 mp.
You hit the halazid warlock.
The halazid warlock's magic leaks into the air.
The halazid warlock is lightly damaged.
You closely miss the ragged hierophant. You barely miss the saltling.
Your two-headed ogre hits the ragged hierophant with a +0 giant club!!
Your two-headed ogre hits the ragged hierophant with a +0 giant spiked club!
The ragged hierophant dies!
Trog accepts your kill.
Trog appreciates your killing of a magic user.
The halazid warlock casts a spell at you.
The bolt of negative energy hits you!!!
You feel drained.
Ouch! That really hurt!
You die...

######################
#######################
#######################
....§§§...............
§.§.§.§§..............
§§§.§.§§...........####
§§§§§.§§......#...#....
§§§§§§§§........OL.#
.§§§§.§§§.......@)8#
§.§.§)#§.§§§....#8p.88.8
§§§§§§§..§§§§.§§#.......
§§.§§§§....§§§§§#.......
§§....§.§§§§§§§§#...8..#
§.....§§§.§§§....#.##..#
......§§.§§§§.... .# ..:
...§.....§§§§§.§. ## =|
...........


You could see a ragged hierophant, a halazid warlock, 3 saltlings and a friendly
two-headed ogre (summoned, berserk, weak-willed).

Vanquished Creatures
  Jorgrun (Orc:2)
  A balrug (Gauntlet)
  An orc warlord (Orc:2)
  An ironheart preserver (D:14)
  Nessos (Lair:6)
  A minotaur (Gauntlet)
  2 ettins
  Josephine (D:14)
  2 fire dragons
  A great orb of eyes (D:14)
  8 hydras
  2 peacekeepers (Elf:1)
  3 boulder beetles
  5 centaur warriors
  Erica (D:12)
  3 death yaks (Lair:3)
  2 catoblepae
  3 tengu warriors
  8 two-headed ogres
  2 ogre magi
  3 dancing weapons (Elf:1)
  3 orc high priests (Orc:2)
  2 deep elf knights
  A hell knight (Volcano)
  4 unseen horrors
  2 deep trolls
  4 orc knights
  2 deep elf archers (Elf:1)
  An ironbrand convoker (Desolation)
  A lindwurm (Lair:6)
  17 deep elf magi
  A harpy (Lair:4)
  4 cyclopes
  An orc sorcerer (Orc:2)
  3 ugly things
  2 manticores (D:13)
  4 elephants (Lair:3)
  2 molten gargoyles (Lair:6)
  6 black mambas
  A centaur zombie (D:12)
  3 cane toads
  A centaur skeleton (D:15)
  Maggie (D:7)
  4 gargoyles
  An efreet (D:15)
  A rime drake (Lair:4)
  12 komodo dragons
  A yaktaur (D:15)
  3 freezing wraiths
  6 kobold demonologists
  7 trolls
  A tengu conjurer (D:15)
  A polar bear (Lair:3)
  A meliai (D:14)
  2 hornets (D:8)
  9 slime creatures
  2 saltlings (Desolation)
  9 blink frogs
  A centaur simulacrum (D:14)
  An air elemental (Elf:1)
  Sigmund (D:4)
  A water elemental (Elf:1)
  4 wraiths (D:14)
  5 shadows
  3 vampires
  5 wyverns
  A basilisk (shapeshifter) (D:15)
  A fire elemental (Elf:1)
  Eustachio (D:4)
  36 yaks
  4 steam dragons
  4 vampire mosquitoes
  2 basilisks
  2 wargs (Orc:2)
  Menkaure (D:6)
  A swamp worm (D:9)
  A two-headed ogre zombie (D:12)
  7 nagas (Lair:4)
  A soldier ant (D:14)
  3 acid dragons (D:14)
  4 small abominations (Gauntlet)
  12 water moccasins
  3 hell hounds (Lair:6)
  40 orc warriors
  5 sky beasts
  An ice beast (D:8)
  3 phantoms
  2 black bears (D:13)
  An eye of draining (shapeshifter) (D:11)
  7 ogres
  An eye of draining (D:14)
  14 centaurs
  6 big kobolds
  24 bullfrogs
  A wyvern zombie (D:14)
  3 scorpions
  A troll zombie (D:12)
  A wyvern skeleton (D:11)
  3 killer bees (D:10)
  2 electric eels (Lair:1)
  7 wights
  6 howler monkeys
  5 lava snakes (Lair:6)
  A bullfrog zombie (D:10)
  A wyvern simulacrum (D:12)
  A quasit (D:10)
  24 orc priests
  3 bullfrog skeletons
  A gnoll shaman (D:8)
  Crazy Yiuf (D:7)
  2 hounds
  6 jellies
  21 orc wizards
  7 iguanas
  11 worker ants
  6 ogre zombies (D:12)
  A human simulacrum (D:14)
  3 hound zombies
  A hound skeleton (D:11)
  2 worker ant zombies
  11 gnolls
  21 adders
  3 shadow imps
  2 ufetubi (D:4)
  2 oozes
  3 adder skeletons
  6 worms
  2 dart slugs
  6 leopard geckos
  87 orcs
  6 bats
  6 giant cockroaches
  17 goblins
  14 hobgoblins
  10 jackals
  7 quokkas
  3 ball pythons
  A frilled lizard (D:3)
  A goblin zombie (D:12)
  3 hobgoblin skeletons (D:12)
  A hobgoblin zombie (D:12)
  A jackal zombie (D:6)
  40 kobolds
  4 orc skeletons (D:12)
  16 orc zombies (D:12)
  7 rats
788 creatures vanquished.

Vanquished Creatures (collateral kills)
  An imperial myrmidon (Desolation)
  A ragged hierophant (Desolation)
  A death yak (Lair:3)
  A thrashing horror (Gauntlet)
  A deep troll earth mage (D:13)
  2 saltlings (Desolation)
  A hell hound (Lair:6)
  An orc (Orc:2)
9 creatures vanquished.

Vanquished Creatures (others)
  A rakshasa (D:12)
  An unseen horror (D:14)
  A deep elf mage (Elf:1)
  An orc wizard (Orc:2)
  A human simulacrum (D:14)
  22 fungi
  35 plants
  2 withered plants (Lair:4)
64 creatures vanquished.

Grand Total: 861 creatures vanquished

Notes
Turn   | Place    | Note
-------+----------+-------------------------------------------
     0 | D:1      | jasper the Palentonga Berserker began the quest for the
                  | Orb.
     0 | D:1      | Reached XP level 1. HP: 20/20 MP: 1/1
   132 | D:1      | Reached XP level 2. HP: 24/27 MP: 2/2
   768 | D:1      | Reached skill level 4 in Axes
   884 | D:2      | Reached XP level 3. HP: 33/33 MP: 3/3
  1307 | D:2      | Reached ** piety under Trog
  1409 | D:2      | Found a stormy altar of Qazlal.
  1649 | D:2      | Reached XP level 4. HP: 39/40 MP: 4/4
  1678 | D:2      | Reached skill level 5 in Axes
  2689 | D:3      | Reached XP level 5. HP: 48/48 MP: 5/5
  2750 | D:3      | Found a glowing golden altar of the Shining One.
  3182 | D:4      | Noticed Sigmund
  3188 | D:4      | Killed Sigmund
  3189 | D:4      | Reached skill level 7 in Axes
  3189 | D:4      | Reached XP level 6. HP: 54/54 MP: 6/6
  3580 | D:4      | Found a shimmering altar of Xom.
  3580 | D:4      | Found a shimmering altar of Xom.
  3581 | D:4      | Found a shimmering altar of Xom.
  3581 | D:4      | Found a shimmering altar of Xom.
  3581 | D:4      | Found a shimmering altar of Xom.
  3581 | D:4      | Found a shimmering altar of Xom.
  3738 | D:4      | Reached skill level 8 in Axes
  3801 | D:4      | Gained mutation: You curl defensively after being hit.
                  | [Palentonga growth]
  3801 | D:4      | Reached XP level 7. HP: 43/60 MP: 7/7
  4350 | D:4      | Got a crude brass ring
  4408 | D:4      | Noticed Eustachio
  4416 | D:4      | Killed Eustachio
  4467 | D:4      | Identified the ring "Elastiad" {*Drain rF+ rC+ Will+} (You
                  | found it on level 4 of the Dungeon)
  4705 | D:4      | Reached skill level 9 in Axes
  4705 | D:4      | Reached *** piety under Trog
  4853 | D:5      | Entered Level 5 of the Dungeon
  5799 | D:5      | Reached XP level 8. HP: 62/67 MP: 8/8
  5974 | D:5      | Reached skill level 10 in Axes
  6513 | D:6      | Found Seunit's Gadget Boutique.
  6546 | D:6      | Noticed Menkaure
  6584 | D:6      | Reached skill level 1 in Evocations
  6584 | D:6      | Killed Menkaure
  7018 | D:6      | Found a bloodstained altar of Trog.
  7419 | D:7      | Reached XP level 9. HP: 70/75 MP: 9/9
  7687 | D:7      | Found a staircase to the Ecumenical Temple.
  7761 | D:7      | Found a sparkling altar of Nemelex Xobeh.
  7761 | D:7      | Noticed Maggie
  7783 | D:7      | Killed Maggie
  7784 | D:7      | Reached skill level 11 in Axes
  7843 | D:7      | Found a hide-covered altar of Uskayaw.
  7940 | D:7      | Found a shimmering altar of Xom.
  7941 | D:7      | Found a hazy altar of Hepliaklqana.
  7942 | D:7      | Found a white marble altar of Elyvilon.
  7946 | D:7      | Found a burning altar of Makhleb.
  8111 | D:7      | Found a runed translucent door.
  8112 | D:7      | Noticed Crazy Yiuf
  8345 | D:7      | Killed Crazy Yiuf
  8444 | D:8      | Reached **** piety under Trog
  8548 | D:8      | Reached skill level 5 in Fighting
  8661 | D:8      | Found a broken altar of Ashenzari.
  8771 | D:8      | Found a snail-covered altar of Cheibriados.
  9338 | D:8      | Found a glowing silver altar of Zin.
  9612 | D:8      | Reached XP level 10. HP: 88/88 MP: 10/10
  9619 | D:8      | Reached skill level 12 in Axes
  9712 | D:9      | Paralysed by a hornet for 1 turns
  9722 | D:8      | Paralysed by a hornet for 3 turns
  9917 | D:9      | Found Baocras's Antique Armour Shoppe.
 10044 | D:9      | Bought a pair of gloves for 135 gold pieces
 10094 | D:9      | Noticed a tengu warrior
 10096 | D:9      | Found a staircase to the Lair.
 10120 | D:9      | Killed a tengu warrior
 10161 | D:9      | Noticed a two-headed ogre
 10169 | D:9      | Killed a two-headed ogre
 10313 | D:9      | Reached skill level 5 in Evocations
 10325 | D:9      | Found a shimmering blue altar of Sif Muna.
 10406 | D:8      | Reached skill level 1 in Shields
 10454 | D:9      | Reached skill level 5 in Armour
 10833 | D:10     | Entered Level 10 of the Dungeon
 11111 | D:10     | Noticed a two-headed ogre
 11121 | D:10     | Killed a two-headed ogre
 11184 | D:10     | Noticed an unseen horror
 11185 | D:10     | Gained mutation: Your body sometimes deteriorates upon
                  | taking damage. [potion of mutation]
 11185 | D:10     | Gained mutation: You possess an exceptional clarity of
                  | mind. [potion of mutation]
 11283 | D:10     | Reached XP level 11. HP: 80/97 MP: 11/11
 11863 | D:10     | Killed an unseen horror
 11864 | D:10     | Reached skill level 13 in Axes
 11872 | D:10     | Found Reminum's Armour Emporium.
 12411 | D:11     | Noticed a boulder beetle
 12430 | D:11     | Killed a boulder beetle
 12684 | D:11     | Found a shadowy altar of Dithmenos.
 12930 | D:11     | Noticed a brown ugly thing
 12948 | D:11     | Killed a brown ugly thing
 13289 | D:11     | Noticed an unseen horror
 13291 | D:11     | Killed an unseen horror
 13990 | Lair:1   | Entered Level 1 of the Lair of Beasts
 15074 | Lair:1   | Noticed a five-headed hydra
 15085 | Lair:1   | Killed a five-headed hydra
 15421 | Lair:1   | Noticed an oklob plant
 15500 | Lair:1   | Reached skill level 14 in Axes
 15604 | Lair:1   | Reached XP level 12. HP: 98/109 MP: 12/12
 17750 | Lair:2   | Noticed a catoblepas
 17788 | Lair:2   | Killed a catoblepas
 18633 | Lair:3   | Reached skill level 5 in Shields
 19045 | Lair:3   | Noticed a death yak
 19046 | Lair:3   | Noticed a death yak
 19075 | Lair:3   | Killed a death yak
 19210 | Lair:3   | Found a burning altar of Makhleb.
 19219 | Lair:3   | Noticed a death yak
 19250 | Lair:3   | Noticed a death yak
 19253 | Lair:3   | Killed a death yak
 19262 | Lair:3   | Killed a death yak
 19263 | Lair:3   | Reached skill level 15 in Axes
 19265 | Lair:3   | Killed a death yak
 19768 | Lair:4   | Found a gate leading to a gauntlet.
 19777 | Gauntlet | Entered a Gauntlet
 19777 | Gauntlet | Found a transporter.
 19777 | Gauntlet | Noticed a catoblepas
 19786 | Gauntlet | Found a transporter.
 19790 | Gauntlet | Noticed a balrug
 19802 | Gauntlet | Found a transporter.
 19806 | Gauntlet | Found a transporter.
 19824 | Gauntlet | Found a transporter.
 19836 | Gauntlet | Found a runed translucent door.
 19837 | Gauntlet | Found a transporter.
 19841 | Gauntlet | Found a transporter.
 19845 | Gauntlet | Found a transporter.
 19846 | Gauntlet | Noticed a dire elephant
 19849 | Gauntlet | Found a runed translucent door.
 19875 | Gauntlet | Found a transporter.
 19875 | Gauntlet | Found a transporter.
 19883 | Gauntlet | Found a transporter.
 19899 | Gauntlet | Found a transporter.
 19988 | Gauntlet | Killed a balrug
 20665 | Gauntlet | Noticed a minotaur
 20686 | Gauntlet | HP: 2/112 [minotaur/the +9 staff of Olgreb {rPois∞} (10)]
 20743 | Gauntlet | HP: 8/168 [minotaur/the +9 staff of Olgreb {rPois∞} (12)]
 20747 | Gauntlet | HP: 1/168 [minotaur/the +9 staff of Olgreb {rPois∞} (6)]
 20749 | Gauntlet | Killed a minotaur
 20750 | Gauntlet | Reached XP level 13. HP: 3/118 MP: 13/13
 20768 | Gauntlet | Identified the Handbook of the Scorching Entourage
 21076 | Lair:4   | Found a runed translucent gate.
 21185 | Lair:4   | Found a runed translucent gate.
 21186 | Lair:4   | Found a runed translucent gate.
 21393 | Lair:4   | Noticed Sekkong's ghost (journeyman MiBe)
 21394 | Lair:4   | Noticed lunkers's ghost (journeyman HOHu)
 21394 | Lair:4   | Noticed Zaegoraum's ghost (journeyman DsAK)
 21394 | Lair:4   | Noticed Nubia's ghost (journeyman GnEn)
 21575 | Lair:4   | Found a staircase to the Snake Pit.
 22049 | Lair:4   | Found a staircase to the Shoals.
 22990 | Lair:5   | Found a dark tunnel.
 22998 | Volcano  | Entered a volcano
 23058 | Volcano  | Found a radiant altar of Vehumet.
 23074 | Volcano  | Reached skill level 10 in Fighting
 24196 | Lair:6   | Entered Level 6 of the Lair of Beasts
 24341 | Lair:6   | Reached skill level 16 in Axes
 25628 | D:10     | Bought the +3 pair of gloves of Miupyas {rElec rCorr Str-2
                  | Int+7} for 644 gold pieces
 25790 | D:12     | Found a staircase to the Orcish Mines.
 25820 | D:12     | Reached ***** piety under Trog
 26192 | D:12     | Received a gift from Trog
 26193 | D:12     | Reached XP level 14. HP: 130/130 MP: 14/14
 26940 | Orc:1    | Entered Level 1 of the Orcish Mines
 26942 | Orc:1    | Noticed Erica
 26954 | D:12     | Killed Erica
 27718 | Orc:2    | Entered Level 2 of the Orcish Mines
 27955 | Orc:2    | Found a roughly hewn altar of Beogh.
 28039 | Orc:2    | Found a staircase to the Elven Halls.
 28065 | Orc:2    | Found a roughly hewn altar of Beogh.
 28253 | Orc:2    | Noticed Jorgrun
 28275 | Orc:2    | Killed Jorgrun
 28403 | Orc:2    | Found a roughly hewn altar of Beogh.
 28492 | Orc:2    | Found a roughly hewn altar of Beogh.
 28492 | Orc:2    | Found Xaof's Distillery.
 28512 | Orc:2    | Bought 2 potions of heal wounds for 140 gold pieces
 28512 | Orc:2    | Bought a potion of curing for 42 gold pieces
 28661 | Orc:2    | Noticed an orc warlord
 28682 | Orc:2    | Received a gift from Trog
 28902 | Orc:2    | Killed an orc warlord
 28908 | Orc:2    | Reached skill level 17 in Axes
 29071 | Orc:2    | Found a roughly hewn altar of Beogh.
 29071 | Orc:2    | Found Enef's Antique Armour Emporium.
 29072 | Orc:2    | Found Pohot's Antique Weapon Shoppe.
 29327 | Orc:2    | Found a roughly hewn altar of Beogh.
 29339 | Orc:2    | Found Dejak's General Store.
 29344 | Orc:2    | Bought a wand of acid (9) for 442 gold pieces
 29801 | Lair:6   | Found a staircase to the Slime Pits.
 30793 | Lair:6   | Found a large runed translucent door.
 30793 | Lair:6   | Found a large runed translucent door.
 31018 | Lair:6   | Noticed Nessos
 31024 | Lair:6   | Killed Nessos
 31563 | D:13     | Identified a scroll of acquirement
 31564 | D:13     | Acquired 779 gold pieces
 31593 | D:13     | Found Gomuan's Antique Armour Shop.
 31865 | D:13     | Found a large runed translucent door.
 31866 | D:13     | Found a large runed translucent door.
 31903 | D:13     | Found an opulent altar of Gozag.
 31908 | D:13     | Found a hide-covered altar of Uskayaw.
 32775 | D:13     | You fall into a shaft and drop 2 floors!
 32775 | D:15     | Entered Level 15 of the Dungeon
 32787 | D:15     | Reached XP level 15. HP: 136/141 MP: 15/15
 33143 | D:15     | Found a sacrificial altar of Ru.
 33375 | D:15     | Found a staircase to the Depths.
 33380 | D:15     | Received a gift from Trog
 33564 | D:15     | Found Astaeh's Jewellery Shop.
 33590 | D:15     | Bought an uncursed amulet of regeneration for 450 gold
                  | pieces
 33791 | D:14     | Found a flagged portal.
 33800 | D:14     | Reached skill level 10 in Armour
 33821 | D:14     | Noticed Josephine
 33827 | D:14     | Killed Josephine
 33839 | Bailey   | Entered a bailey
 34084 | Bailey   | Identified the +0 hat "Quirurus" {rElec rC+} (You found it
                  | in a bailey)
 34242 | D:14     | Reached skill level 18 in Axes
 34359 | D:14     | Found a gate to the Vaults.
 35697 | Shoals:1 | Entered Level 1 of the Shoals
 36066 | Elf:1    | Entered Level 1 of the Elven Halls
 36076 | Elf:1    | Received a gift from Trog
 36640 | Elf:1    | Found a ruined gateway.
 36660 | Desolati | Entered the Desolation of Salt
 36717 | Desolati | Noticed an imperial myrmidon
 36724 | Desolati | Killed an imperial myrmidon
 36737 | Desolati | Killed from afar by a halazid warlock

Illustrated notes

Levels and vault maps discovered:
D:1:      lemuel_arrival_hallway, layout_rooms, chequers_serial_rivers_micro_b
D:2:      kennysheep_six_static_rooms, layout_basic,
          nicolae_qazlal_general_emergency, nrook_loot_triangle,
          chequers_serial_rivers_micro_c
D:3:      layout_rooms, marbit_many_paths
D:4:      kennysheep_the_goblin_king, layout_loops_ring, xom_redecorated,
          uniq_sigmund, uniq_eustachio
D:5:      layout_basic, lemuel_old_faithful
D:6:      layout_rooms, nicolae_overflow_hidden_temple, minmay_shop_grid_forest,
          hangedman_abyss_or_decor_jellyfish_corner, uniq_menkaure
D:7:      layout_loops_ring, nemelex_xobeh_ov_fountains_minmay,
          general_overflow_altar, minitemple, minmay_temple_entry_grid,
          minmay_misc_feat_rows, uniq_maggie, uniq_crazy_yiuf_cottage
D:8:      layout_basic, cheibriados_altar_1, overflow_temple_1_default,
          minivault_11, evilmike_ruin_ashenzari
D:9:      layout_cross, lemuel_coloured_pillars_altar, dpeg_oklobed_lair,
          serial_shops, nicolae_shop_overgrown_old_shop, worms_lemuel
D:10:     minmay_skewed_foursquare, layout_long_grid, serial_shops, shop
D:11:     layout_grid_maze, grunt_dithmenos_smoke
D:12:     layout_cave_pools, zombieorc2_lemuel, minivault_28
D:13:     wander_river, layout_long_grid, serial_shops,
          nicolae_shop_competitors_out_of_business, roderic_roman_lattice,
          jmf_multi_god_temple2
D:14:     hangedman_arrow_trap, layout_cave_pools,
          skrybe_vaults_entry_preservation, enter_bailey_4, bh_circular_ruins,
          uniq_josephine
D:15:     hangedman_depths_entry_civil_slaughter, layout_rooms, basic_altar,
          serial_shops, shop_statue, hangedman_abyss_or_decor_clamps
Lair:1:   layout_chaotic_city, lemuel_fruit_fields, grunt_megastairs_2,
          serial_bayou_shore_a, minmay_lair_oklob_chamber
Lair:2:   layout_roguey
Lair:3:   layout_cave_shapes, basic_altar
Lair:4:   layout_cave_pods, elwin_shoals_entry_rocks,
          minmay_snake_entry_guardpost_large, gammafunk_ghost_cemetery,
          gauntlet_entry_generic, st_stairs_13, patterned_corridor,
          grunt_megastairs_3
Lair:5:   layout_regular_city, nicolae_volcano_entry_lava_flow
Lair:6:   cheibrodos_lair_end_hotspot, layout_gridlike,
          minmay_slime_entry_pillars, minmay_lair_oklob_bushes, uniq_nessos
Shoals:1: layout_shoals, serial_shops, shop, gammafunk_ghost_grave,
          nicolae_shoals_stone_sculpture_thing, nicolae_shoals_drake_roost
Orc:1:    layout_diamond_mine, uniq_erica
Orc:2:    grunt_orc_community_town_hall, layout_caves,
          grunt_orc_community_big_house_2, grunt_orc_community_big_house_1,
          grunt_orc_community_house_3, grunt_orc_community_house_2,
          grunt_orc_community_house_1, grunt_orc_community_house_2,
          grunt_orc_community_house_2, lightli_orcish_oven, uniq_jorgrun
Elf:1:    elf_arrival_002, layout_loops_cross,
          portal_desolation_entry_twin_temple, minmay_misc_feat_alley
Desolation

Skill      XL: |  1  2  3  4  5  6  7  8  9 10 11 12 13 14 15 |
---------------+----------------------------------------------+-----
Axes           | 4 5 7 8 9 10 11 12 14 15 16 17 18 | 18.7
Armour         | 2 4 5 6 7 8 9 10 | 10.7
Evocations     | 2 4 5 6 |  6.0
Fighting       | 4 5 6 8 9 10 11 12 | 12.7
Shields        | 2 4 5 7 8 9 |  9.0
Dodging        | |  1.5

Action                   |  1- 3 |  4- 6 |  7- 9 | 10-12 | 13-15 || total
-------------------------+-------+-------+-------+-------+-------++-------
Melee: Hand axe          |    99 |   112 |    49 |       |       ||   260
       Tailslap          |     7 |    11 |    47 |   108 |   160 ||   333
       War axe           |       |       |   208 |       |       ||   208
       Broad axe         |       |       |    71 |   688 |  1151 ||  1910
       Morningstar       |       |       |       |     6 |       ||     6
       Demon whip        |       |       |       |       |    26 ||    26
Throw: Stone             |    20 |    26 |    85 |    91 |    77 ||   299
       Boomerang         |       |       |       |       |     4 ||     4
Invok: Berserk           |     4 |     8 |    14 |    20 |    12 ||    58
       Trog's Hand       |       |     1 |     2 |    12 |    15 ||    30
       Brothers in Arms  |       |       |       |     2 |     4 ||     6
 Abil: Rolling Charge    |    17 |    11 |    27 |    55 |    38 ||   148
Evoke: Wand              |       |     1 |     9 |    26 |    16 ||    52
       Box of beasts     |       |       |       |     1 |     2 ||     3
       Phial of floods   |       |       |       |     1 |     2 ||     3
       Condenser vane    |       |       |       |       |     4 ||     4
       Tin of tremorston |       |       |       |       |     4 ||     4
       Phantom mirror    |       |       |       |       |     1 ||     1
  Use: Scroll            |     2 |     5 |     3 |    21 |    21 ||    52
       Potion            |       |       |       |    11 |     3 ||    14
 Stab: Paralysed         |       |       |       |       |     3 ||     3
Armor: Animal skin       |     4 |       |       |       |       ||     4
       Chain mail        |    35 |    44 |    59 |       |    51 ||   189
       Plate armour      |       |       |    95 |   424 |   478 ||   997
       Scale mail        |       |       |       |       |     3 ||     3
Dodge: Dodged            |    39 |    56 |   118 |    93 |   155 ||   461
Block: Kite shield       |       |       |       |   358 |   927 ||  1285
       Reflection        |       |       |       |     1 |    69 ||    70

Table legend: (Time is in decaauts)
 A = Elapsed time spent in this place.
 B = Non-inter-level travel time spent in this place.
 C = Inter-level travel time spent in this place.
 D = Time resting spent in this place.
 E = Time spent auto-exploring this place.
 F = Levels seen in this place.
 G = Mean time per level.
                   A        B        C        D        E       F      G
               +--------+--------+--------+--------+--------+-----+--------+
         Total |  37392 |  34817 |   2575 |  10941 |  17729 |  29 | 1289.4 |
       Dungeon |  21524 |  20110 |   1414 |   6762 |   9838 |  15 | 1434.9 |
          Lair |  10733 |   9757 |    976 |   2464 |   5895 |   6 | 1788.8 |
        Shoals |      8 |      8 |      0 |      0 |      0 |   1 |    8.0 |
  Orcish Mines |   2578 |   2393 |    185 |    618 |   1312 |   2 | 1289.0 |
   Elven Halls |    479 |    479 |      0 |      0 |    292 |   1 |  479.0 |
        Bailey |    385 |    385 |      0 |     99 |    127 |   1 |  385.0 |
       Volcano |    308 |    308 |      0 |     97 |     86 |   1 |  308.0 |
    Desolation |     71 |     71 |      0 |      0 |      0 |   1 |   71.0 |
      Gauntlet |   1303 |   1303 |      0 |    900 |    177 |   1 | 1303.0 |
               +--------+--------+--------+--------+--------+-----+--------+

Top non-repeatable levels by time:
    D:11: 2776 daAuts
  Lair:6: 2129 daAuts
  Lair:4: 1950 daAuts
     D:4: 1948 daAuts
  Lair:2: 1942 daAuts
     D:8: 1767 daAuts
  Lair:1: 1755 daAuts
     D:9: 1718 daAuts
  Lair:3: 1701 daAuts
   Orc:2: 1695 daAuts
    D:10: 1692 daAuts
     D:5: 1578 daAuts
    D:13: 1527 daAuts
    D:12: 1499 daAuts
     D:2: 1387 daAuts
